 Dungeon Crawl Stone Soup version 0.24.0-35-gdb84b6a5db (webtiles) character file.

Game seed: 2538417235140829123, levelgen mode: deterministic

12474 grindst0ne the Nimble (level 11, -6/133 HPs)
             Began as a Vampire Gladiator on Nov 20, 2019.
             Was an Initiate of Gozag.
             Mangled by a two-headed ogre
             ... wielding a +0 giant club
              (9 damage)
             ... on level 11 of the Dungeon.
             The game lasted 00:27:50 (10611 turns).

grindst0ne the Nimble (Vampire Gladiator)          Turns: 10611, Time: 00:27:51

Health: -6/133     AC: 25    Str: 16    XL:     11   Next: 62%
Magic:  15/15      EV:  2    Int: 11    God:    Gozag
Gold:   1407       SH:  0    Dex: 16    Spells: 10/10 levels left

rFire    . . .     SeeInvis +   x - +2 long sword (venom)
rCold    . . .     Gourm    .   (no shield)
rNeg     + + +     Faith    .   (armour currently unavailable)
rPois    +         Spirit   .   (helmet currently unavailable)
rElec    .         Reflect  .   (cloak currently unavailable)
rCorr    .         Harm     .   (gloves currently unavailable)
MR       ++...     NoTele   +   (boots currently unavailable)
Stlth    +.........             (no amulet)
HPRegen  0.52/turn              p - ring of protection from magic
MPRegen  0.14/turn              t - ring of poison resistance

@: tree-form (expiring), very slightly contaminated, regenerating quickly,
invisible
A: no food, see invisible
a: Exsanguinate, Potion Petition, Call Merchant, Bribe Branch, Renounce Religion


You were on level 11 of the Dungeon.
You worshipped Gozag.
Gozag was most pleased with you.
You were alive.
You were a tree.
You visited 1 branch of the dungeon, and saw 11 of its levels.
You also visited: Ossuary and Bailey.

You collected 1950 gold pieces.
You spent 470 gold pieces at shops.
You paid 73 gold pieces to Gozag.

Inventory:

Hand Weapons
 x - a +2 long sword of venom (weapon)
 I - a +0 hand axe of flaming
 J - a +0 halberd
Missiles
 d - 3 throwing nets (quivered)
 r - 25 boomerangs
Armour
 a - a +0 pair of boots
 c - a +1 helmet (melded)
 g - a +0 pair of gloves (melded)
 w - the +2 leather armour of Biepoim (melded) {+Blink +Fly Str-2 Dex-4}
   (You found it on level 5 of the Dungeon)

   It affects your strength (-2).
   It affects your dexterity (-4).
   It lets you fly.
   It lets you blink.
 z - a +0 cloak (melded)
 E - +0 acid dragon scales
 K - +0 gold dragon scales
 L - the +2 pair of boots "Ysoric" (melded) {*Contam rElec Int+6}
   (You found it in a bailey)

   It affects your intelligence (+6).
   It insulates you from electricity.
   It causes magical contamination when unequipped.
Jewellery
 b - a +3 ring of strength
 p - a ring of protection from magic (left branch)
 t - a ring of poison resistance (right branch)
Wands
 D - a wand of flame (25)
 F - a wand of polymorph (2)
Scrolls
 f - 4 scrolls of enchant armour
 h - 2 scrolls of remove curse
 i - 7 scrolls of teleportation
 l - 6 scrolls of immolation
 m - 3 scrolls of amnesia
 n - a scroll of magic mapping
 s - a scroll of fog
 u - a scroll of blinking
 y - 2 scrolls of enchant weapon
 B - a scroll of fear
 G - a scroll of vulnerability {unknown}
 H - 2 scrolls of brand weapon {unknown}
Potions
 k - 4 potions of flight
 q - 3 potions of brilliance
 v - 3 potions of mutation
 A - 4 potions of lignification


   Skills:
 + Level 9.5 Fighting
 + Level 10.5 Long Blades
 - Level 1.5 Throwing
 + Level 2.7 Armour
 - Level 11.0 Dodging
 - Level 6.0 Evocations


You had 10 spell levels left.
You didn't know any spells.
Your spell library contained the following spells:

 Spells                   Type           Power        Failure   Level  Hunger
 Animate Skeleton         Necr           N/A          34%         1    N/A
 Apportation              Tloc           #.....       34%         1    N/A
 Confusing Touch          Hex            #.....       34%         1    N/A
 Pain                     Necr           #...         34%         1    N/A
 Sting                    Conj/Pois      #...         34%         1    N/A
 Summon Small Mammal      Summ           #...         34%         1    N/A
 Call Imp                 Summ           #.......     47%         2    N/A
 Poisonous Vapours        Pois/Air       #.....       47%         2    N/A
 Call Canine Familiar     Summ           #.......     71%         3    N/A
 Mephitic Cloud           Conj/Pois/Air  #.......     71%         3    N/A
 Regeneration             Chrm/Necr      #.........   71%         3    N/A
 Summon Guardian Golem    Hex/Summ       #.......     71%         3    N/A
 Vampiric Draining        Necr           #.........   71%         3    N/A
 Animate Dead             Necr           N/A          98%         4    N/A
 Olgreb's Toxic Radiance  Pois           #.......     98%         4    N/A
 Summon Ice Beast         Ice/Summ       #.......     98%         4    N/A
 Summon Lightning Spire   Summ/Air       #.......     98%         4    N/A
 Venom Bolt               Conj/Pois      #.........   100%        5    N/A

Dungeon Overview and Level Annotations

Branches:
Dungeon (11/15)            Temple (0/1) D:6            Lair (0/6) D:11
    Orc (0/2) D:9         Ossuary (visited)          Bailey (visited)

Altars:
Elyvilon
Gozag
Nemelex Xobeh
Okawaru
Qazlal
Trog
Uskayaw
Vehumet
Wu Jian
Xom
Yredelemnul

Shops:
D:6 *   D:8 }   D:9 [

Annotations:
D:7 exclusion: downstairs


Innate Abilities, Weirdness & Mutations

You do not eat.
Your natural rate of healing is unusually fast.
((You have razor-sharp teeth.))
You have supernaturally acute eyesight. (SInv)
((You can survive without breathing.))


Message History

* * * LOW HITPOINT WARNING * * *
The two-headed ogre hits you but does no damage.
You slash the two-headed ogre!
The two-headed ogre looks as sick as possible!
The two-headed ogre is heavily wounded.
The hound bites you but does no damage. x2
You completely miss the two-headed ogre.
The two-headed ogre is severely wounded.
The hound bites you but does no damage.
The two-headed ogre hits you with a +0 giant club!
* * * LOW HITPOINT WARNING * * *
The two-headed ogre hits you but does no damage.
The hound bites you but does no damage.
You hit the two-headed ogre.
The two-headed ogre looks as sick as possible!
The two-headed ogre is severely wounded.
The hound bites you but does no damage. x2
The two-headed ogre hits you with a +0 giant club!
You die...
Your body crumbles into a pile of gold.

≈,,≈,≈≈≈≈≈≈≈,,,,≈,,,,**,**,*,*,**
,,,,≈≈≈≈≈≈≈,,,,......,>,,,,*,,,,,
***,,,,,*******#....#**,******,**
,**,,,,,,** #....>,<,,* **,**
,**,,,,,,.######...####.,* **,,,*
,**,,,,,>...$...........,* *,,,,,
,,,,,,,,,...............,* *,,,,,
,**,*,,,,......hOh......,***,,,,,
,**,*,<,,,*****#♣..#####,*,,,,,,,
,**,,,,,,** #........,*,***,,,
******,*** ##.#.#####**,*..,,*
*,* ##.###.### *,*.#,,, *,* #.##
*#..# *,,..,** ** *,* ##.###.#.#
***.#*** ,*****,*******##.#.##.#
*.# ** ,,,,,,,,,,,,,**##.###.##
*.###.
,*****,****,,,*#.......#####....#


You could see a two-headed ogre and 2 hounds.

Vanquished Creatures
  Harold (D:9)
  A hydra (D:9)
  3 two-headed ogres
  An unseen horror (D:7)
  A wizard (D:9)
  Pikel (D:9)
  2 ugly things
  A troll (D:11)
  A hornet (D:10)
  A hippogriff (D:8)
  2 dream sheep (D:9)
  A shadow (D:8)
  2 yaks (D:9)
  A wyvern (D:10)
  A soldier ant (D:10)
  2 water moccasins (D:6)
  8 orc warriors
  2 phantoms
  A slave (D:9)
  A black bear (D:6)
  An ice beast (D:10)
  An eye of draining (D:8)
  A sky beast (D:11)
  2 necrophages
  3 ogres
  2 centaurs
  4 big kobolds
  6 bullfrogs
  2 scorpions
  5 killer bees (D:11)
  3 howler monkeys
  6 bullfrog zombies
  2 crimson imps
  2 human zombies (Ossuary)
  2 centaur zombies
  3 jellies
  Crazy Yiuf (D:7)
  7 orc priests
  2 hounds (D:8)
  4 iguanas
  11 orc wizards
  9 worker ants
  2 big kobold zombies (Ossuary)
  2 hound zombies
  2 hound skeletons
  5 mummies (Ossuary)
  3 worker ant zombies
  A howler monkey skeleton (D:5)
  11 adders
  9 oozes (D:3)
  2 adder skeletons (D:7)
  3 worms
  A dart slug (D:2)
  8 leopard geckos
  50 orcs
  6 giant cockroaches
  6 goblins
  5 hobgoblins
  2 jackals (D:7)
  4 quokkas
  6 bats
  4 frilled lizards
  A goblin zombie (Ossuary)
  19 kobolds
  2 orc zombies (Ossuary)
  4 rats
271 creatures vanquished.

Vanquished Creatures (others)
  A slave (D:9)
  An ogre (D:5)
  2 hounds (D:5)
  An iguana (D:9)
  A worker ant (D:5)
  A gnoll (D:5)
  A worm (D:5)
  3 orcs
  A giant cockroach (D:8)
  10 toadstools (D:3)
22 creatures vanquished.

Grand Total: 293 creatures vanquished

Notes
Turn   | Place    | Note
-------+----------+-------------------------------------------
     0 | D:1      | grindst0ne the Vampire Gladiator began the quest for the
                  | Orb.
     0 | D:1      | Reached XP level 1. HP: 16/16 MP: 1/1
   158 | D:1      | Reached XP level 2. HP: 18/22 MP: 2/2
   753 | D:2      | Found a faded altar of an unknown god.
   882 | D:2      | Reached XP level 3. HP: 27/28 MP: 3/3
  1263 | D:3      | Found a radiant altar of Vehumet.
  1273 | D:3      | Reached skill level 4 in Dodging
  1624 | D:3      | Reached XP level 4. HP: 27/34 MP: 4/4
  1814 | D:3      | Reached XP level 5. HP: 33/41 MP: 5/5
  2476 | D:4      | Reached skill level 5 in Dodging
  2476 | D:4      | Reached XP level 6. HP: 47/47 MP: 6/6
  3238 | D:5      | Entered Level 5 of the Dungeon
  3316 | D:5      | Got a bronze leather armour
  3327 | D:5      | Identified the +2 leather armour of Biepoim {+Blink +Fly
                  | Str-2 Dex-4} (You found it on level 5 of the Dungeon)
  3730 | D:5      | Reached skill level 5 in Long Blades
  3748 | D:5      | Reached XP level 7. HP: 17/54 MP: 7/7
  3890 | D:5      | Found a hide-covered altar of Uskayaw.
  3892 | D:5      | Found a basalt altar of Yredelemnul.
  3895 | D:5      | Found an opulent altar of Gozag.
  3895 | D:5      | Found an ornate altar of the Wu Jian Council.
  3905 | D:5      | Found a white marble altar of Elyvilon.
  3910 | D:5      | Became a worshipper of Gozag Ym Sagoz the Greedy
  4025 | D:5      | Reached skill level 6 in Dodging
  4092 | D:5      | Found a shimmering altar of Xom.
  4388 | D:6      | Found a stormy altar of Qazlal.
  4391 | D:6      | Noticed an air elemental
  4391 | D:6      | Noticed a fire elemental
  4391 | D:6      | Noticed a water elemental
  4487 | D:6      | Reached skill level 5 in Fighting
  4571 | D:6      | Reached XP level 8. HP: 57/62 MP: 8/8
  4598 | D:6      | Found a sand-covered staircase.
  4604 | Ossuary  | Entered an ossuary
  4916 | Ossuary  | Reached skill level 7 in Dodging
  5050 | D:6      | Found a staircase to the Ecumenical Temple.
  5413 | D:6      | Found Ypteciut's Serpentskin Sales.
  5569 | D:6      | Bought an uncursed ring of poison resistance for 260 gold
                  | pieces
  5569 | D:6      | Bought a +2 long sword of venom for 210 gold pieces
  5728 | D:7      | Reached skill level 8 in Dodging
  5746 | D:7      | Found a sparkling altar of Nemelex Xobeh.
  5838 | D:7      | Reached XP level 9. HP: 70/71 MP: 9/9
  6050 | D:7      | Noticed an unseen horror
  6068 | D:7      | Killed an unseen horror
  6215 | D:7      | Found a runed translucent door.
  6216 | D:7      | Noticed Crazy Yiuf
  6427 | D:7      | Killed Crazy Yiuf
  6462 | D:8      | Noticed a two-headed ogre
  6577 | D:8      | Reached skill level 9 in Dodging
  6671 | D:8      | Killed a two-headed ogre
  6671 | D:8      | Reached XP level 10. HP: 79/79 MP: 12/12
  6752 | D:8      | Found Eling's Gadget Emporium.
  7349 | D:9      | Noticed Pikel
  7373 | D:9      | Killed Pikel
  7381 | D:9      | Noticed Harold
  7390 | D:9      | Killed Harold
  7390 | D:9      | Reached skill level 10 in Dodging
  7546 | D:9      | Reached skill level 5 in Evocations
  7666 | D:9      | Noticed a two-headed hydra
  7701 | D:9      | Killed a one-headed hydra
  8015 | D:9      | Found an iron altar of Okawaru.
  8015 | D:9      | Found a bloodstained altar of Trog.
  8077 | D:9      | Noticed a wizard
  8092 | D:9      | Killed a wizard
  8092 | D:9      | Reached XP level 11. HP: 31/87 MP: 15/15
  8293 | D:9      | Found a staircase to the Orcish Mines.
  8293 | D:9      | Found Opnigemi's Antique Armour Shoppe.
  8379 | D:10     | Entered Level 10 of the Dungeon
  8873 | D:10     | Found a flagged portal.
  8882 | Bailey   | Entered a bailey
  9387 | Bailey   | Noticed an orc knight
  9387 | Bailey   | Noticed an orc knight
  9387 | Bailey   | Noticed an orc knight
  9467 | Bailey   | Noticed a deep troll
  9467 | Bailey   | an orc knight changed into a deep troll
  9469 | Bailey   | Noticed a deep troll
  9469 | Bailey   | an orc knight changed into a deep troll
  9470 | Bailey   | a deep troll changed into a dream sheep
  9473 | Bailey   | an orc knight changed into a dream sheep
  9696 | Bailey   | Got a pair of spiked boots
  9764 | Bailey   | Identified the +2 pair of boots "Ysoric" {*Contam rElec
                  | Int+6} (You found it in a bailey)
 10150 | D:10     | Noticed a green ugly thing
 10163 | D:10     | Killed a green ugly thing
 10163 | D:10     | Reached skill level 10 in Long Blades
 10241 | D:10     | Noticed a two-headed ogre
 10262 | D:10     | Killed a two-headed ogre
 10262 | D:10     | Reached skill level 1 in Armour
 10481 | D:11     | Reached skill level 11 in Dodging
 10557 | D:11     | Noticed a cyan ugly thing
 10568 | D:11     | Noticed a two-headed ogre
 10570 | D:11     | Killed a cyan ugly thing
 10573 | D:11     | Noticed a two-headed ogre
 10596 | D:11     | Killed a two-headed ogre
 10610 | D:11     | HP: 2/133 [two-headed ogre/+0 giant club (7)]
 10611 | D:11     | Mangled by a two-headed ogre

Levels and vault maps discovered:
D:1:      shiori_arrival_whats_in_store_for_you, layout_basic
D:2:      layout_basic, chequers_ecumenical_altar_twisty
D:3:      cheibrodos_fertilizer, layout_loops_corners, vehumet_crystals,
          first_ration
D:4:      layout_layer_cave
D:5:      layout_loops_ring, grunt_temple_overflow_open, xom_confusion_cloud
D:6:      layout_loops_ring, nicolae_qazlal_style_of_elements,
          minmay_temple_entry_nine_rooms, lightli_ossuary_entry_decrepit_ruins,
          guppyfry_shop_venom
D:7:      layout_cave_pools, nemelex_xobeh_ov_fountains_minmay, serial_rivers,
          chequers_serial_rivers_micro_a, chequers_serial_rivers_small_3,
          chequers_serial_rivers_room_b, chequers_serial_rivers_micro_e,
          chequers_serial_rivers_large_a, chequers_serial_rivers_small_b,
          uniq_crazy_yiuf_cottage
D:8:      layout_cave_pools, serial_shops, shop_statue
D:9:      layout_basic, grunt_temple_overflow_bloody_war, orc_0_dummy,
          serial_shops, shop, hangedman_ranch [blue_anna_fruit_fields],
          hangedman_decor_slide_cut, lightli_wizard_tower, uniq_harold,
          uniq_pikel
D:10:     layout_basic, enter_bailey_8
D:11:     layout_loops_cross, erik_lair_island, gauntlet_entry_generic

Skill      XL: |  1  2  3  4  5  6  7  8  9 10 11 |
---------------+----------------------------------+-----
Fighting       | 2 3 4 5 6 7 8 9 |  9.5
Dodging        | 4 5 6 8 9 10 11 | 11.0
Long Blades    | 4 5 6 7 8 9 10 | 10.5
Evocations     | 3 5 6 |  6.0
Armour         | 2 |  2.7
Throwing       | |  1.5

Action                   |  1- 3 |  4- 6 |  7- 9 | 10-12 || total
-------------------------+-------+-------+-------+-------++-------
Melee: Long sword        |    81 |    33 |   169 |   363 ||   646
       Bite              |     5 |    24 |    45 |    36 ||   110
       Short sword       |       |   238 |    74 |       ||   312
       Great sword       |       |       |   136 |       ||   136
       Hand axe          |       |       |       |     4 ||     4
Throw: Throwing net      |       |       |       |     1 ||     1
Evoke: Wand              |       |       |       |    20 ||    20
  Use: Scroll            |       |     7 |    12 |     5 ||    24
       Potion            |       |     3 |     7 |     9 ||    19
 Stab: Distracted        |       |       |     1 |       ||     1
       Invisible         |       |       |       |     1 ||     1
Armor: Leather armour    |    28 |    24 |   102 |    50 ||   204
       Scale mail        |    13 |    51 |       |       ||    64
       Skin              |       |       |    12 |    54 ||    66
Dodge: Dodged            |    70 |   137 |   269 |   231 ||   707
       Rpst.: Long sword |    22 |     8 |    37 |    57 ||   124
       Great sword       |       |       |    37 |       ||    37
